 Dungeon Crawl Stone Soup version 0.26-a0-1205-g4083c211ab (webtiles) character file.

Game seed: 6498438569015793974

47 vvl the Firebug (level 3, -3/24 HPs)
             Began as a Demonspawn Fire Elementalist on Dec 30, 2020.
             Killed by divine providence
             ... invoked by an orc priest
              (8 damage)
             ... on level 3 of the Dungeon.
             The game lasted 00:07:08 (2352 turns).

vvl the Firebug (Demonspawn Fire Elementalist)      Turns: 2352, Time: 00:07:09

Health: -3/24      AC:  7    Str:  9    XL:     3   Next: 48%
Magic:  6/6        EV: 10    Int: 16    God:
Gold:   131        SH:  0    Dex: 13    Spells: 5/6 levels left

rFire    . . .     SeeInvis .   b - +0 short sword
rCold    . . .     Faith    .   (no shield)
rNeg     . . .     Spirit   .   g - +0 ring mail
rPois    .         Reflect  .   (helmet restricted)
rElec    .         Harm     .   k - +0 cloak
rCorr    .         Rampage  .   (no gloves)
Will     .....     Rnd*Tele +   l - +0 pair of boots
Stlth    +.........             (no amulet)
HPRegen  0.08/turn              h - ring of teleportation (curse)
MPRegen  0.10/turn              (no ring)

@: mighty
A: antennae 1
a: no special abilities


You were on level 3 of the Dungeon.
You visited 1 branch of the dungeon, and saw 3 of its levels.

You collected 131 gold pieces.

Inventory:

Hand Weapons
 b - a +0 short sword (weapon)
Armour
 a - a +0 robe
 g - a +0 ring mail (worn)
 k - a +0 cloak (worn)
 l - a +0 pair of boots (worn)
Jewellery
 h - a cursed ring of teleportation (left hand)
Scrolls
 c - 2 scrolls of remove curse {unknown}
 d - a scroll of fear {unknown}
 f - 2 scrolls of identify {unknown}
 i - a scroll of enchant weapon {unknown}
 j - a scroll of teleportation {unknown}
Potions
 e - a potion of might


   Skills:
 + Level 0.8 Armour
 - Level 1.7 Dodging
 - Level 1.7 Stealth
 + Level 2.3 Spellcasting
 * Level 2.1 Conjurations
 * Level 3.2 Fire Magic


You had 5 spell levels left.
You knew the following spells:

 Your Spells              Type           Power        Failure   Level
a - Foxfire               Conj/Fire      40%          19%         1

Your spell library contained the following spells:

 Spells                   Type           Power        Failure   Level
 Conjure Flame            Conj/Fire      10%          50%         3
 Inner Flame              Hex/Fire       7%           65%         3
 Sticky Flame             Conj/Fire      10%          88%         4
 Fireball                 Conj/Fire      5%           99%         5


Dungeon Overview and Level Annotations

Branches:
Dungeon (3/15)

Altars:
Fedhas
Wu Jian
Yredelemnul
The Shining One


Innate Abilities, Weirdness & Mutations

You have a pair of small antennae on your head.


Message History

The orc hits you but does no damage. The worm bites you but does no damage.
It was a potion of might.
You feel very mighty all of a sudden. The orc closely misses you.
The worm bites you but does no damage.
You puncture the worm!
You kill the worm!
The orc hits you with a +0 club.
* * * LOW HITPOINT WARNING * * *
A goblin comes into view. It is wielding a +0 club.
The goblin shouts!
You hear an angry hiss.
The goblin unwields a +0 club.
The goblin wields a +0 hunting sling.
The goblin shoots a stone.
The stone hits you.
* * * LOW HITPOINT WARNING * * *
You see here a stone.
A bullfrog zombie comes into view.
The orc hits you but does no damage. The bullfrog zombie barely misses you.
The orc priest invokes the aid of Beogh against you.
Beogh smites you!
You die...

##. #.# .#....#
#..###.+ ......#
#...B#.# .#...#
#..#..(#####.B.#.##>
#..o##+.r.wb'# ..#.
#.#.# #w###.#)#..S.
#.o.###..#..###..#
#..#o..#.#.#S.r#r#
#....#Z@.#...#...#
#.#########.##.#.#
#. #.o.o..# #.
######.# #. #.# #.#
#.# #.# '.#


You could see an orc priest, an orc and a bullfrog zombie.

Vanquished Creatures
  An adder (D:2)
  A worm (D:3)
  A dart slug (D:1)
  A leopard gecko (D:2)
  An orc (D:3)
  4 bats
  A giant cockroach (D:2)
  3 goblins
  4 hobgoblins
  4 jackals (D:2)
  2 kobolds
  A ball python (D:1)
  2 frilled lizards
  4 rats (D:1)
30 creatures vanquished.

Vanquished Creatures (others)
  33 foxfires
33 creatures vanquished.

Grand Total: 63 creatures vanquished

Notes
Turn   | Place    | Note
-------+----------+-------------------------------------------
     0 | D:1      | vvl the Demonspawn Fire Elementalist began the quest for
                  | the Orb.
     0 | D:1      | Reached XP level 1. HP: 13/13 MP: 3/3
   385 | D:1      | Gained mutation: You have a pair of small antennae on your
                  | head. [demonic ancestry]
   385 | D:1      | Reached XP level 2. HP: 19/19 MP: 0/5
   939 | D:1      | Reached skill level 3 in Fire Magic
  1637 | D:2      | Found a glowing golden altar of the Shining One.
  1834 | D:2      | Reached XP level 3. HP: 24/24 MP: 1/6
  2138 | D:2      | Found a blossoming altar of Fedhas.
  2140 | D:2      | Found an ornate altar of the Wu Jian Council.
  2216 | D:2      | Found a basalt altar of Yredelemnul.
  2218 | D:2      | Noticed a profane servitor
  2224 | D:2      | Noticed an angel
  2352 | D:3      | Killed from afar by an orc priest

Illustrated notes

Levels and vault maps discovered:
D:1:      amcnicky_arrival_gap_in_the_tavern_cellar, layout_loops_ring,
          hex_medium, minmay_misc_feat_five
D:2:      layout_basic, grunt_temple_overflow_holy_war, minitemple
D:3:      layout_basic, nicolae_ru_sacrificial_ziggurat,
          minmay_stone_trees_small, minmay_fractal_squares_diagonal_5

Skill      XL: |  1  2  3 |
---------------+----------+-----
Fire Magic     | 3 |  3.2
Conjurations   | 2 |  2.1
Armour         | |  0.8
Dodging        | |  1.7
Stealth        | |  1.7
Spellcasting   | |  2.3

Action                   || total
-------------------------++-------
Melee: Short sword       ||   109
 Cast: Foxfire           ||    22
  Use: Potion            ||     1
 Stab: Sleeping          ||     3
Armor: Robe              ||    10
       Ring mail         ||    48
Dodge: Dodged            ||   102

Table legend: (Time is in decaauts)
 A = Elapsed time spent in this place.
 B = Non-inter-level travel time spent in this place.
 C = Inter-level travel time spent in this place.
 D = Time resting spent in this place.
 E = Time spent auto-exploring this place.
 F = Levels seen in this place.
 G = Mean time per level.
                   A        B        C        D        E       F      G
               +--------+--------+--------+--------+--------+-----+--------+
         Total |   2361 |   2289 |     72 |      0 |   1977 |   3 |  787.0 |
       Dungeon |   2361 |   2289 |     72 |      0 |   1977 |   3 |  787.0 |
               +--------+--------+--------+--------+--------+-----+--------+

Top non-repeatable levels by time:
     D:2: 1142 daAuts
     D:1: 1127 daAuts
     D:3: 91 daAuts
